[Event "Late-Titled-Tuesday-Blitz-October-24-2023"]
[Site "Chess.com"]
[Date "2023.10.24"]
[Round "6"]
[White "Apocalyps999"]
[Black "Iball95"]
[Result "1-0"]
[WhiteElo "2344"]
[BlackElo "2792"]
[TimeControl "180+1"]
[EndTime "15:03:13 PDT"]
[Termination "Apocalyps999 won by checkmate"]

1. e4 c5 2. Nf3 e6 3. g3 d5 4.
exd5 exd5 5. d4 Nc6 6. Bg2 Nf6 7. O-O Be7 8. Nc3 O-O 9. Bg5 cxd4 10. Nxd4 h6 11. Be3 Re8 12. Re1 Bg4 13. Qd3 Qd7 14.
Nb3 Ne5 15. Qb5 Nf3+ 16. Bxf3 Bxf3 17. Qxd7 Nxd7 18. Nd4 Be4 19. f3 Bg6 20. Nxd5 Bc5 21. c3 Ne5 22. Kg2 Rad8 23. Nf4 Bh7 24. Rad1 Nc4 25.
Bc1 Rxe1 26. Rxe1 g5 27. Nh5 Bxd4 28. cxd4 Rxd4 29. Re8# 1-0

[Event "Late-Titled-Tuesday-Blitz-October-24-2023"]
[Site "Chess.com"]
[Date "2023.10.24"]
[Round "6"]
[White "BasilSmash"]
[Black "ural58"]
[Result "1-0"]
[WhiteElo "2637"]
[BlackElo "2509"]
[TimeControl "180+1"]
[EndTime "15:03:47 PDT"]
[Termination "BasilSmash won by resignation"]

1. e4 d5 2. exd5 Qxd5 3. Nf3 Bg4 4. Be2 Nc6 5. d4 O-O-O 6. c4 Qf5 7. Be3 Bxf3 8.
Bxf3 Nxd4 9. Bxd4 Qe6+ 10. Be2 c5 11. O-O cxd4 12. Nd2 Nf6 13. c5 Qd7 14. Rc1 e5 15. c6 bxc6 16. Bb5 Kb8 17. Bxc6 Qc7 18. Qb3+ Qb6 19.
Qxf7 Bb4 20. Ne4 Nxe4 21. Bxe4 Rdf8 22. Qd5 1-0

[Event "Late-Titled-Tuesday-Blitz-October-24-2023"]
[Site "Chess.com"]
[Date "2023.10.24"]
[Round "6"]
[White "Makswolf200817"]
[Black "jup1978"]
[Result "1-0"]
[WhiteElo "2622"]
[BlackElo "2498"]
[TimeControl "180+1"]
[EndTime "15:03:50 PDT"]
[Termination "Makswolf200817 won by resignation"]

1. e4 c5 2. Nf3 e6 3. d4 cxd4 4.
Nxd4 Bc5 5. Nb3 Bb6 6. Nc3 Ne7 7. a4 a6 8. Bf4 Nbc6 9. Bd6 Bc7 10. Be2 Bxd6 11. Qxd6 O-O 12. h4 f5 13. O-O-O fxe4 14. Nxe4 Nf5 15. Qh2 d5 16. g4 Nfe7 17. h5 Qb6 18. Nec5 Qb4 19. Kb1 b6 20. Nd3 Qe4 21. Rde1 Qxa4 22. h6 g6 23. Bd1 Rf7 24. Qd6 Bb7 25.
Qxe6 Bc8 26. Qd6 Bxg4 27. Rh4 Nf5 28. Rxg4 Qxg4 29. Qxc6 1-0

[Event "Late-Titled-Tuesday-Blitz-October-24-2023"]
[Site "Chess.com"]
[Date "2023.10.24"]
[Round "6"]
[White "acertijo08"]
[Black "ExchangeAB"]
[Result "0-1"]
[WhiteElo "2352"]
[BlackElo "2508"]
[TimeControl "180+1"]
[EndTime "15:03:58 PDT"]
[Termination "ExchangeAB won by resignation"]

1. e4 c6 2. d4 d5 3. exd5 cxd5 4. c4 Nf6 5. Nc3 e6 6. Nf3 Bb4 7. Bd3 Nc6 8. O-O dxc4 9. Bxc4 O-O 10. Bg5 Be7 11. a3 b6 12. Qd3 Bb7 13. Rad1 Rc8 14.
Ba2 g6 15. Bh6 Re8 16. Rfe1 Bf8 17. Qd2 Bg7 18. Bxg7 Kxg7 19. Qf4 Ne7 20. Ne5 Ned5 21. Nxd5 Bxd5 22. Bb1 Re7 23. h4 Rec7 24. Rd3 Nh5 25.
Qd2 Qxh4 26. Rh3 Qf4 27. Qe2 Rc1 28. Bd3 Rxe1+ 0-1

[Event "Late-Titled-Tuesday-Blitz-October-24-2023"]
[Site "Chess.com"]
[Date "2023.10.24"]
[Round "6"]
[White "Grischuk"]
[Black "MikaelyanArman"]
[Result "1/2-1/2"]
[WhiteElo "2987"]
[BlackElo "2918"]
[TimeControl "180+1"]
[EndTime "15:04:06 PDT"]
[Termination "Game drawn by repetition"]

1. d4 d5 2. c4 c6 3. Nf3 Nf6 4.
e3 e6 5. Bd3 Nbd7 6. O-O Bd6 7.
b3 e5 8. dxe5 Nxe5 9. Bb2 Nxf3+ 10. gxf3 Bh3 11. Re1 Ne4 12. f4 Qh4 13. Qf3 O-O-O 14.
cxd5 cxd5 15. Nc3 Bg4 16. Qg2 Bh3 17. Qf3 Bg4 18. Qg2 Bh3 19. Qf3 1/2-1/2

[Event "Late-Titled-Tuesday-Blitz-October-24-2023"]
[Site "Chess.com"]
[Date "2023.10.24"]
[Round "6"]
[White "whiteglovethief"]
[Black "mind1mover"]
[Result "0-1"]
[WhiteElo "2519"]
[BlackElo "2798"]
[TimeControl "180+1"]
[EndTime "15:04:11 PDT"]
[Termination "mind1mover won by resignation"]

1. d4 Nf6 2. c4 Nc6 3. Nf3 e6 4.
g3 g6 5. Bg2 Bg7 6. d5 Ne7 7. Nc3 d6 8. dxe6 fxe6 9. O-O O-O 10. Qc2 e5 11. b3 Bf5 12. e4 Bg4 13. Nd2 Nc6 14. f3 Nd4 15. Qd3 Be6 16. Bb2 Nd7 17. b4 c5 18. a3 a5 19. b5 a4 20. Nd5 Nf6 21. Bxd4 cxd4 22. f4 Ng4 23. Rae1 Bxd5 24. cxd5 Ne3 25. Rxe3 dxe3 26. Nc4 Rc8 27. b6 exf4 28.
gxf4 Qh4 29. Nxd6 Rc3 30. Qb5 Rc2 31. Qxa4 Rxg2+ 32. Kxg2 e2 33. Qc4 Qg4+ 34. Kh1 exf1=Q+ 35. Qxf1 Rxf4 0-1

[Event "Late-Titled-Tuesday-Blitz-October-24-2023"]
[Site "Chess.com"]
[Date "2023.10.24"]
[Round "6"]
[White "jk13"]
[Black "vladislavkovalev"]
[Result "0-1"]
[WhiteElo "2688"]
[BlackElo "2876"]
[TimeControl "180+1"]
[EndTime "15:04:12 PDT"]
[Termination "vladislavkovalev won by resignation"]

1. e4 e5 2. Nf3 Nc6 3. Bc4 Nf6 4. d3 Bc5 5. c3 d6 6. Bb3 a6 7. Nbd2 h6 8. h3 Ba7 9. Nf1 Be6 10. Ng3 O-O 11.
O-O Re8 12. Qe2 d5 13. Nh4 Na5 14. Nhf5 Nxb3 15. axb3 dxe4 16. dxe4 Bxb3 17. c4 b5 18. cxb5 axb5 19. Qxb5 Bxf2+ 20. Kxf2 Rxa1 21. Qxb3 Rxc1 22. Rxc1 Qd2+ 23. Ne2 Nxe4+ 24. Kg1 Qxe2 25. Rxc7 Qf2+ 26. Kh1 Qxf5 0-1

[Event "Late-Titled-Tuesday-Blitz-October-24-2023"]
[Site "Chess.com"]
[Date "2023.10.24"]
[Round "6"]
[White "financieru"]
[Black "GMKrikor"]
[Result "0-1"]
[WhiteElo "2404"]
[BlackElo "2827"]
[TimeControl "180+1"]
[EndTime "15:04:12 PDT"]
[Termination "GMKrikor won on time"]

1. d4 Nf6 2. c4 g6 3. Nc3 d5 4.
cxd5 Nxd5 5. Na4 e5 6. e4 Nb6 7.
d5 c6 8. Nc3 cxd5 9. exd5 Bg7 10. Nf3 O-O 11. Be2 f5 12. O-O h6 13. Qb3 Kh7 14.
Rd1 e4 15. Nd4 Na6 16. Ne6 Bxe6 17. dxe6 Qe7 18. Bxa6 bxa6 19. Be3 Rab8 0-1

[Event "Late-Titled-Tuesday-Blitz-October-24-2023"]
[Site "Chess.com"]
[Date "2023.10.24"]
[Round "6"]
[White "lluiss"]
[Black "chesspreceptor"]
[Result "0-1"]
[WhiteElo "2220"]
[BlackElo "2609"]
[TimeControl "180+1"]
[EndTime "15:04:12 PDT"]
[Termination "chesspreceptor won by resignation"]

1. Nf3 d5 2. d4 Nf6 3. c4 dxc4 4. e3 Bg4 5. Bxc4 e6 6. Qb3 Bxf3 7. gxf3 Nbd7 8. Rg1 c5 9. dxc5 Nxc5 10. Bb5+ Nfd7 11. Qd1 a6 12. Bxd7+ Qxd7 13. Qxd7+ Kxd7 14.
Ke2 g6 15. Nc3 Bg7 16. Rd1+ Ke7 17. Bd2 b5 18. Rab1 Rhd8 19. Ne4 Nxe4 20. fxe4 Rac8 21.
Bb4+ Ke8 22. Rxd8+ Kxd8 23. Kd2 Rc4 24. Bc3 Bxc3+ 25.
bxc3 Rxe4 26. Kd3 Ra4 27. Rb2 Kc7 28. f3 Kd6 29. e4 Ke5 30. Ke3 g5 31. h3 f5 32.
exf5 Kxf5 33. Rc2 h5 34. Rb2 Ra3 35. Kd4 Kf4 36. Rg2 e5+ 37. Kd5 Rxc3 38. Ke6 Rxf3 39. Kf6 g4 40. hxg4 hxg4 0-1

[Event "Late-Titled-Tuesday-Blitz-October-24-2023"]
[Site "Chess.com"]
[Date "2023.10.24"]
[Round "6"]
[White "yosephtaher"]
[Black "jcibarra"]
[Result "0-1"]
[WhiteElo "2751"]
[BlackElo "2918"]
[TimeControl "180+1"]
[EndTime "15:04:21 PDT"]
[Termination "jcibarra won by resignation"]

1. d4 Nf6 2. Nc3 d5 3. Bf4 c5 4. e4 Nxe4 5. Nxe4 dxe4 6. dxc5 Qa5+ 7.
c3 Qxc5 8. Qa4+ Nc6 9. Qxe4 g6 10. Nf3 Bg7 11. Qc4 Qa5 12. Rd1 Be6 13. Qb5 Qxb5 14.
Bxb5 Bxa2 15. Ne5 O-O 16. Nxc6 bxc6 17. Bxc6 Rac8 18. Bb7 Rc4 19. Be3 Rb8 20. Rd7 Ra4 21. O-O Be6 22. Rxe7 Bf6 23. Re8+ Rxe8 24. Bc6 Rb8 25.
Bxa4 Rxb2 26. Bxa7 Ra2 0-1

[Event "Late-Titled-Tuesday-Blitz-October-24-2023"]
[Site "Chess.com"]
[Date "2023.10.24"]
[Round "6"]
[White "hblanco"]
[Black "Sjakkerntobi"]
[Result "1-0"]
[WhiteElo "2734"]
[BlackElo "2508"]
[TimeControl "180+1"]
[EndTime "15:04:22 PDT"]
[Termination "hblanco won by checkmate"]

1. e4 e5 2. Nf3 Nc6 3. d4 exd4 4. Nxd4 Bc5 5. Nb3 Bb6 6. Nc3 d6 7. Qe2 Nge7 8. Be3 Be6 9. f3 Qd7 10. O-O-O O-O-O 11. Bxb6 axb6 12. Qf2 f5 13. Bb5 fxe4 14. Nxe4 Bf5 15. Nc3 Rhf8 16. Nd4 Bg6 17. Rhe1 Rf7 18.
Ne6 Re8 19. Qh4 Nf5 20. Qa4 Kb8 21. Nxc7 Rxe1 22. Rxe1 Qxc7 23. Re8+ Nd8 24. Nd5 Qc8 25. Nxb6 Qc5 26. Qa8+ Kc7 27. Qxd8# 1-0

[Event "Late-Titled-Tuesday-Blitz-October-24-2023"]
[Site "Chess.com"]
[Date "2023.10.24"]
[Round "6"]
[White "Hirna2005"]
[Black "Yushko_Olga"]
[Result "0-1"]
[WhiteElo "2309"]
[BlackElo "2142"]
[TimeControl "180+1"]
[EndTime "15:04:28 PDT"]
[Termination "Yushko_Olga won by checkmate"]

1. e4 e6 2. d4 d5 3. e5 c5 4. c3 Nc6 5. Be3 Qb6 6. Qd2 cxd4 7.
cxd4 Bb4 8. Nc3 Nge7 9. Nf3 Nf5 10. Bd3 O-O 11. O-O Bd7 12. Bxf5 exf5 13. Nxd5 Bxd2 14. Nxb6 axb6 15. Nxd2 Be6 16. b3 Nb4 17. a4 Rfd8 18. Nc4 Nc2 19. Ra2 Bxc4 20. bxc4 Nxd4 21. Rb1 Nc6 22. Bxb6 Rd3 23. f4 h6 24. Kf2 g5 25.
g3 Rc3 26. a5 Rxc4 27. Rd2 gxf4 28. gxf4 Rxf4+ 29. Kg3 Rg4+ 30. Kh3 Nxe5 31. Rb5 Nc4 32. Rd7 Rc8 33. Rxf5 Rg6 34. Rxb7 Nd6 35. a6 Rc3+ 36. Kh4 Nxf5+ 37. Kh5 Rg5# 0-1

[Event "Late-Titled-Tuesday-Blitz-October-24-2023"]
[Site "Chess.com"]
[Date "2023.10.24"]
[Round "6"]
[White "jimis98"]
[Black "sergeikim"]
[Result "1/2-1/2"]
[WhiteElo "2749"]
[BlackElo "2601"]
[TimeControl "180+1"]
[EndTime "15:04:30 PDT"]
[Termination "Game drawn by repetition"]

1. d4 Nf6 2. Nf3 g6 3. g3 d6 4. Bg2 Bg7 5. O-O O-O 6. c4 Nbd7 7. h3 e5 8. Nc3 exd4 9. Nxd4 Re8 10. b3 Nc5 11.
Bb2 c6 12. Rc1 Qe7 13. Re1 Nfe4 14. Nxe4 Nxe4 15. Qc2 Nxf2 16. Nxc6 Qe3 17. Bxg7 Qxg3 18. Qc3 Nxh3+ 19. Kh1 Nf2+ 20. Kg1 Nh3+ 21. Kh1 Nf2+ 22. Kg1 Nh3+ 1/2-1/2

[Event "Late-Titled-Tuesday-Blitz-October-24-2023"]
[Site "Chess.com"]
[Date "2023.10.24"]
[Round "6"]
[White "dropstoneDP"]
[Black "MatthewG-p4p"]
[Result "1-0"]
[WhiteElo "3103"]
[BlackElo "2925"]
[TimeControl "180+1"]
[EndTime "15:04:31 PDT"]
[Termination "dropstoneDP won by resignation"]

1. e4 e6 2. d4 d5 3. Nc3 Bb4 4. e5 Ne7 5. a3 Bxc3+ 6. bxc3 c5 7. Qg4 cxd4 8. Qxg7 Rg8 9. Qxh7 Qc7 10. Qd3 Qxe5+ 11.
Ne2 dxc3 12. Qxc3 Qxc3+ 13. Nxc3 Nbc6 14. h4 e5 15. Bg5 a6 16. O-O-O Be6 17. g3 O-O-O 18.
Bg2 f5 19. Rhe1 e4 20. Ne2 Kc7 21. Nf4 Bc8 22. Rd2 d4 23. Red1 Rge8 24. Bf1 Rd6 25. Bc4 b5 26. Bf7 Rf8 27. Bb3 Ng6 28. Nxg6 Rxg6 29. Bf4+ Kb6 30. Bd5 Rd8 31. h5 Rg7 32.
Bxc6 Kxc6 33. Rxd4 Rxd4 34. Rxd4 Kc5 35. Rd6 Bb7 36. h6 Rf7 37. Rg6 Bd5 38. Be3+ Kc4 39. Rxa6 Rc7 40. Kb2 b4 41. Ra4 Rb7 42. Rxb4+ Rxb4+ 43. axb4 Bg8 44. c3 Bh7 45. Bd4 Kb5 46. Kc1 Kc4 47. Kd2 Kd5 48. Ke3 Ke6 49. b5 1-0

[Event "Late-Titled-Tuesday-Blitz-October-24-2023"]
[Site "Chess.com"]
[Date "2023.10.24"]
[Round "6"]
[White "mjelcic"]
[Black "ATM622"]
[Result "0-1"]
[WhiteElo "2149"]
[BlackElo "2417"]
[TimeControl "180+1"]
[EndTime "15:04:37 PDT"]
[Termination "ATM622 won by checkmate"]

1. c4 g6 2. Nc3 Bg7 3. g3 Nf6 4.
Bg2 O-O 5. e4 c6 6. Nge2 e5 7.
O-O d6 8. d4 exd4 9. Nxd4 Nbd7 10. h3 Re8 11. Re1 Qe7 12. Nc2 Ne5 13. b3 Nh5 14.
Bb2 a5 15. Qd2 Bxh3 16. Rad1 Bxg2 17. Kxg2 Rad8 18. Ba3 Bf8 19. Qd4 Qg5 20. Qe3 Qg4 21. f4 Bh6 22. Qf2 Nxf4+ 23. Kf1 Qh3+ 24. Kg1 Ng4 25. Qf3 Qh2+ 26. Kf1 Qxc2 27. Kg1 Nh3+ 28. Kh1 Qh2# 0-1

[Event "Late-Titled-Tuesday-Blitz-October-24-2023"]
[Site "Chess.com"]
[Date "2023.10.24"]
[Round "6"]
[White "Andrei_Skvortsov"]
[Black "HalfIsCrayfish"]
[Result "1-0"]
[WhiteElo "2668"]
[BlackElo "2544"]
[TimeControl "180+1"]
[EndTime "15:04:39 PDT"]
[Termination "Andrei_Skvortsov won by resignation"]

1. e4 c6 2. e5 d5 3. exd6 exd6 4. Nf3 Nf6 5. d4 d5 6. Bd3 Bg4 7. h3 Bh5 8. Bf4 Bd6 9. Qe2+ Kf8 10. Bxd6+ Qxd6 11. c3 Nbd7 12. O-O Re8 13. Qd1 Ne4 14. Be2 Ndf6 15. Ne5 Bxe2 16. Qxe2 Nd7 17. Nxd7+ Qxd7 18. Qd3 f6 19. Nd2 Kf7 20. Rfe1 Nxd2 21. Qxd2 Qf5 22.
a4 Rxe1+ 23. Rxe1 Re8 24. Rxe8 Kxe8 25. a5 Kd7 26. a6 b6 27. Kh2 g5 28. Qe3 Qf4+ 29. Qxf4 gxf4 30. g4 c5 31. Kg2 cxd4 32. cxd4 Kc6 33. Kf3 Kb5 34. Kxf4 Kxa6 35. g5 fxg5+ 36.
Ke5 Kb7 37. Kxd5 a5 38. Ke6 h5 39. d5 g4 40. hxg4 h4 41. d6 h3 42. d7 h2 43.
d8=Q h1=Q 44. Qd5+ Qxd5+ 45. Kxd5 Kc7 46. g5 Kd7 47. f4 1-0

[Event "Late-Titled-Tuesday-Blitz-October-24-2023"]
[Site "Chess.com"]
[Date "2023.10.24"]
[Round "6"]
[White "becemix"]
[Black "R2D2PTY"]
[Result "0-1"]
[WhiteElo "2366"]
[BlackElo "2302"]
[TimeControl "180+1"]
[EndTime "15:04:41 PDT"]
[Termination "R2D2PTY won by resignation"]

1. d4 Nf6 2. Nc3 e6 3. Bf4 d5 4.
Nf3 Bb4 5. e3 Ne4 6. Bd3 Nxc3 7.
bxc3 Bxc3+ 8. Ke2 Bxa1 9. Qxa1 O-O 10. h4 b6 11. c3 Ba6 12. Qb1 Bxd3+ 13. Qxd3 Nd7 14.
Be5 Nxe5 15. dxe5 f5 16. exf6 Qxf6 17. h5 Rad8 18. h6 g6 19. Rh4 e5 20. e4 dxe4 21.
Qxe4 Qd6 22. Rh1 Qd5 23. Qc2 Qc4+ 24. Ke3 e4 25. Nd4 Rxd4 0-1

[Event "Late-Titled-Tuesday-Blitz-October-24-2023"]
[Site "Chess.com"]
[Date "2023.10.24"]
[Round "6"]
[White "mbojan"]
[Black "Alphafischer2019"]
[Result "1-0"]
[WhiteElo "2780"]
[BlackElo "2608"]
[TimeControl "180+1"]
[EndTime "15:04:43 PDT"]
[Termination "mbojan won by checkmate"]

1. Nf3 Nf6 2. g3 b6 3. Bg2 Bb7 4. O-O g6 5. d3 d5 6. c4 d4 7. e3 dxe3 8. Bxe3 Bg7 9. Nc3 O-O 10.
d4 Nbd7 11. d5 a5 12. Nd4 Nc5 13. Nc6 Bxc6 14. dxc6 e6 15. Qxd8 Rfxd8 16. Nb5 Ne8 17. Rad1 Bxb2 18. Bf4 Rdc8 19. Rd7 e5 20. Be3 Ne6 21. Bd5 N8g7 22. Rd1 h5 23. Bh6 e4 24.
Bxg7 Bxg7 25. Bxe6 fxe6 26. Nxc7 Ra7 27. Nxe6 Raa8 28.
Rxg7+ Kh8 29. Rdd7 Rxc6 30. Rh7+ Kg8 31. Rdg7# 1-0

[Event "Late-Titled-Tuesday-Blitz-October-24-2023"]
[Site "Chess.com"]
[Date "2023.10.24"]
[Round "6"]
[White "Bala-Afiada"]
[Black "UK_23"]
[Result "0-1"]
[WhiteElo "1849"]
[BlackElo "2405"]
[TimeControl "180+1"]
[EndTime "15:04:47 PDT"]
[Termination "UK_23 won by checkmate"]

1. d4 d5 2. c4 e6 3. Nf3 Nf6 4.
g3 Be7 5. Bg2 O-O 6. O-O c6 7.
Qc2 b6 8. Nbd2 Bb7 9. e4 Na6 10.
e5 Nd7 11. a3 c5 12. Re1 Rc8 13. b3 Qc7 14. h4 h6 15. cxd5 Bxd5 16. Bb2 Qb7 17. Qd3 cxd4 18. Bxd4 Nac5 19. Qe3 Rfd8 20. b4 Na4 21. Rac1 Bf8 22. g4 Rxc1 23. Rxc1 Rc8 24.
Rxc8 Qxc8 25. g5 h5 26. g6 fxg6 27. Ng5 Bxg2 28. Kxg2 Be7 29. Nxe6 Qc6+ 30. f3 Qxe6 31. Ne4 Nxe5 32. Ng5 Bxg5 33. hxg5 Qa2+ 34. Kg3 h4+ 35. Kxh4 Qh2# 0-1

[Event "Late-Titled-Tuesday-Blitz-October-24-2023"]
[Site "Chess.com"]
[Date "2023.10.24"]
[Round "6"]
[White "ikhasu"]
[Black "NowInChess"]
[Result "1-0"]
[WhiteElo "2381"]
[BlackElo "2182"]
[TimeControl "180+1"]
[EndTime "15:04:48 PDT"]
[Termination "ikhasu won on time"]

1. d4 Nf6 2. Nf3 g6 3. b3 Bg7 4. Bb2 O-O 5. Nbd2 d5 6. g3 b5 7. Bg2 Bb7 8. O-O Nbd7 9. c4 bxc4 10. bxc4 c6 11. Ba3 Re8 12. Rb1 Qc7 13. Qc2 Rac8 14. Rfc1 Ba6 15. Qa4 Bxc4 16. Nxc4 dxc4 17. Qxc4 Nb6 18.
Qb3 Nbd5 19. Ne5 Rb8 20. Qa4 Rxb1 21. Rxb1 Nc3 22. Qb3 Nxb1 23. Qxf7+ Kh8 24. Qb3 h6 25. Qxb1 Rb8 26. Qxg6 Kg8 27. Bh3 Qd8 28. Be6+ Kh8 29. Nf7+ 1-0

[Event "Late-Titled-Tuesday-Blitz-October-24-2023"]
[Site "Chess.com"]
[Date "2023.10.24"]
[Round "6"]
[White "PNEPaul"]
[Black "FM_Kappeler"]
[Result "0-1"]
[WhiteElo "1854"]
[BlackElo "2289"]
[TimeControl "180+1"]
[EndTime "15:04:48 PDT"]
[Termination "FM_Kappeler won by resignation"]

1. e4 c5 2. Nf3 e6 3. d4 cxd4 4.
c3 dxc3 5. Nxc3 Nc6 6. Bf4 d6 7. Bd3 Nf6 8. a3 Be7 9. Qe2 O-O 10. Rd1 e5 11. Be3 Be6 12. Ng5 Bb3 13. Rc1 h6 14. Nf3 Rc8 15. Qd2 Nh5 16. g4 Nf4 17. Bxf4 exf4 18.
Qxf4 Ne5 19. Nxe5 dxe5 20. Qf3 Bg5 21. Rb1 Bc2 22. Bxc2 Qd2+ 23. Kf1 Qxc2 24. Kg2 Rc4 25. h4 Bd2 26. g5 Rd8 27. Rh3 Bxc3 28. gxh6 Qxb1 29.
Rg3 Qxe4 30. Rxg7+ Kh8 31. Qxe4 Rxe4 32. bxc3 Rf4 0-1

[Event "Late-Titled-Tuesday-Blitz-October-24-2023"]
[Site "Chess.com"]
[Date "2023.10.24"]
[Round "6"]
[White "igorkovalenko"]
[Black "DanielNaroditsky"]
[Result "1/2-1/2"]
[WhiteElo "2946"]
[BlackElo "3199"]
[TimeControl "180+1"]
[EndTime "15:04:53 PDT"]
[Termination "Game drawn by repetition"]

1. d4 Nf6 2. Bg5 Ne4 3. Bf4 Nc6 4. e3 d5 5. Bd3 Nf6 6. Nf3 Bg4 7. Nbd2 e6 8. c4 Bd6 9. Bg5 h6 10. Bh4 dxc4 11.
Nxc4 Bb4+ 12. Kf1 O-O 13. h3 Bh5 14. a3 Be7 15. Qc2 Qd5 16. Bxf6 Bxf6 17. Be4 Qb5 18. Kg1 Rad8 19. Rc1 Bxf3 20. Bxf3 Ne7 21. a4 Qb4 22. b3 c6 23. Kh2 Nd5 24. Rhd1 Nb6 25. g3 Rd7 26.
Kg2 Rfd8 27. Nb2 Nd5 28. Nd3 Qe7 29. Qc5 Qxc5 30. Nxc5 Rc7 31. Nd3 Be7 32. Rc4 a5 33. Rdc1 Nb4 34. Nf4 Bd6 35. Ne2 Nd3 36. Rb1 Nb4 37.
h4 g6 38. Be4 h5 39. f4 Be7 40.
Rbc1 Na2 41. R1c2 Nb4 42. Rc1 Na2 43. R1c2 Nb4 44. Rc1 1/2-1/2

[Event "Late-Titled-Tuesday-Blitz-October-24-2023"]
[Site "Chess.com"]
[Date "2023.10.24"]
[Round "6"]
[White "HaryKane"]
[Black "dedpihto_v_kozhanom_palto"]
[Result "0-1"]
[WhiteElo "2515"]
[BlackElo "2643"]
[TimeControl "180+1"]
[EndTime "15:04:53 PDT"]
[Termination "dedpihto_v_kozhanom_palto won by resignation"]

1. e4 g6 2. d4 Bg7 3. c4 d6 4. Nc3 Nc6 5. Be3 e5 6. Nge2 f5 7.
exf5 Bxf5 8. Qd2 Nf6 9. f3 e4 10. O-O-O exf3 11. gxf3 O-O 12. Ng3 Qd7 13. h4 Rae8 14.
Bh6 Nxd4 15. Bxg7 Nxf3 16. Qf2 Qxg7 17. Qxf3 Qh6+ 18. Rd2 Re1+ 19. Nd1 Bg4 20. Qb3 Rxd1+ 21. Qxd1 Bxd1 22. Kxd1 Qf4 23. Rg1 Ng4 24. Be2 Ne3+ 25. Kc1 Nxc4 26. Bxc4+ Qxc4+ 27. Kb1 Qxh4 28. Rdg2 d5 29. a3 c5 30. Rh1 Qg4 31. Rhg1 c4 32. Ka2 d4 33. Nf1 Qe6 34. Ka1 Qe1+ 35. Ka2 Rxf1 0-1

[Event "Late-Titled-Tuesday-Blitz-October-24-2023"]
[Site "Chess.com"]
[Date "2023.10.24"]
[Round "6"]
[White "djano"]
[Black "SanchezKelvin"]
[Result "1-0"]
[WhiteElo "2687"]
[BlackElo "2559"]
[TimeControl "180+1"]
[EndTime "15:04:55 PDT"]
[Termination "djano won on time"]

1. e4 e5 2. Nf3 Nc6 3. Bc4 Bc5 4. c3 Nf6 5. d4 exd4 6. cxd4 Bb4+ 7. Nbd2 Nxe4 8.
O-O Bxd2 9. Nxd2 Nxd2 10. Re1+ Ne7 11. Qxd2 O-O 12. d5 d6 13. b4 Bf5 14. Bb2 Qd7 15.
Qd4 f6 16. Re3 Bg6 17. Re6 Rae8 18. Rae1 Nc8 19. h4 Bf7 20. Kh2 Bxe6 21. dxe6 Qe7 22. h5 c6 23. h6 gxh6 24. Re3 d5 25. Bd3 Qd6+ 26. Rg3+ Kh8 27. Qxf6+ 1-0

[Event "Late-Titled-Tuesday-Blitz-October-24-2023"]
[Site "Chess.com"]
[Date "2023.10.24"]
[Round "6"]
[White "Nikita_Klepikov"]
[Black "Roedor"]
[Result "1-0"]
[WhiteElo "2349"]
[BlackElo "2432"]
[TimeControl "180+1"]
[EndTime "15:04:55 PDT"]
[Termination "Nikita_Klepikov won by resignation"]

1. e4 e5 2. Nf3 Nc6 3. Bb5 Nf6 4. Qe2 Bd6 5. Bxc6 dxc6 6. O-O O-O 7. Rd1 Re8 8. d3 Bg4 9. Nbd2 Nd7 10. h3 Bh5 11. Nf1 Nf8 12. Ng3 Bg6 13. Nf5 Ne6 14. g3 Bxf5 15. exf5 Nd4 16. Nxd4 exd4 17. Qg4 Qd7 18.
Bh6 Be5 19. Re1 Bf6 20. h4 Rxe1+ 21. Rxe1 Re8 22. Rxe8+ Qxe8 23. Bxg7 h5 24. Qxh5 Bxg7 25. g4 Qe1+ 26. Kg2 Qe2 27. Qg5 f6 28. Qf4 Qe5 29. Qxe5 fxe5 30. g5 c5 31. Kf3 Kf7 32. h5 Bf8 33. Ke4 Bd6 34. Kd5 b5 35. h6 a5 36. g6+ Kf6 37. h7 Kg7 38. f6+ Kh8 39. Ke6 1-0

[Event "Late-Titled-Tuesday-Blitz-October-24-2023"]
[Site "Chess.com"]
[Date "2023.10.24"]
[Round "6"]
[White "Nekoo04"]
[Black "szachmistrz2500"]
[Result "0-1"]
[WhiteElo "2253"]
[BlackElo "2426"]
[TimeControl "180+1"]
[EndTime "15:04:57 PDT"]
[Termination "szachmistrz2500 won by checkmate"]

1. d4 Nf6 2. c4 e6 3. g3 d5 4. Nf3 Bb4+ 5. Bd2 Qe7 6. Bg2 O-O 7. O-O Ne4 8. Qc2 f5 9. cxd5 exd5 10. Bf4 c6 11.
Ne5 Nd7 12. a3 Bd6 13. Nxd7 Bxd7 14. Bxd6 Qxd6 15. Nc3 Rae8 16. Rfe1 Rf6 17. b4 a6 18. a4 Rh6 19. b5 Qg6 20. bxc6 bxc6 21. Nxe4 fxe4 22. f4 Qh5 23. h4 Qg4 24. Kh2 Kh8 25. e3 g5 26. Qe2 gxh4 27. Qxg4 Bxg4 28. gxh4 Rg8 29. Rh1 Bf3 30. Bxf3 Rxh4# 0-1

[Event "Late-Titled-Tuesday-Blitz-October-24-2023"]
[Site "Chess.com"]
[Date "2023.10.24"]
[Round "6"]
[White "midedu"]
[Black "Zhbugnoimt"]
[Result "0-1"]
[WhiteElo "2081"]
[BlackElo "2545"]
[TimeControl "180+1"]
[EndTime "15:04:59 PDT"]
[Termination "Zhbugnoimt won by resignation"]

1. e4 c5 2. Nc3 Nc6 3. g3 g6 4.
Bg2 Bg7 5. Nge2 e6 6. O-O Nge7 7. d3 O-O 8. Be3 d6 9. d4 cxd4 10. Nxd4 a6 11. f4 Qc7 12. Nb3 b5 13. Qd2 Rd8 14.
Rad1 Bb7 15. Qf2 Rd7 16. Rd2 Nc8 17. Rfd1 Na5 18. Nxa5 Qxa5 19. e5 Bxg2 20. Qxg2 d5 21. a3 Nb6 22. Rd3 Nc4 23. Bc1 Rc8 24. Ne4 Rdc7 25.
Ng5 Qb6+ 26. Kh1 Bf8 27. c3 a5 28. g4 b4 29. axb4 axb4 30. b3 Na5 31. cxb4 Rxc1 32. bxa5 Qxa5 33. f5 Qa1 34. Qf3 Rxd1+ 35. Rxd1 Rc1 0-1

[Event "Late-Titled-Tuesday-Blitz-October-24-2023"]
[Site "Chess.com"]
[Date "2023.10.24"]
[Round "6"]
[White "dosto07"]
[Black "Kirill_Klukin"]
[Result "1-0"]
[WhiteElo "2536"]
[BlackElo "2627"]
[TimeControl "180+1"]
[EndTime "15:05:06 PDT"]
[Termination "dosto07 won by resignation"]

1. e4 c5 2. Nf3 g6 3. c3 Bg7 4. d4 cxd4 5. cxd4 d5 6. e5 a6 7.
h3 Nc6 8. Be2 f6 9. exf6 Nxf6 10.
O-O O-O 11. Nc3 Nh5 12. Ne5 Nf4 13. Bf3 Nxe5 14. dxe5 e6 15. Re1 Bd7 16. Bg4 g5 17.
Bxf4 Rxf4 18. Nxd5 Rxg4 19. hxg4 exd5 20. Qxd5+ Kf8 21. Rad1 Ke7 22. e6 Bc6 23. Qxg5+ Bf6 24. Qc5+ Ke8 25. Rxd8+ Rxd8 26. Qh5+ 1-0

[Event "Late-Titled-Tuesday-Blitz-October-24-2023"]
[Site "Chess.com"]
[Date "2023.10.24"]
[Round "6"]
[White "eljanov"]
[Black "SpeedofLight0"]
[Result "1-0"]
[WhiteElo "2811"]
[BlackElo "2971"]
[TimeControl "180+1"]
[EndTime "15:05:08 PDT"]
[Termination "eljanov won by checkmate"]

1. d4 Nf6 2. Bf4 d5 3. e3 Bf5 4.
Bd3 e6 5. Nf3 Bd6 6. Bxf5 exf5 7. Bg5 Nbd7 8. Qd3 g6 9. c4 h6 10. Bxf6 Nxf6 11. c5 Be7 12. Qb5+ Kf8 13. Qxb7 Rb8 14.
Qxa7 Rxb2 15. Nc3 Kg7 16. O-O Ne4 17. Nxe4 dxe4 18. Ne5 Bf6 19. Nc4 Rc2 20. Qa4 Rc3 21.
Qb4 Rd3 22. Nb2 Bxd4 23. exd4 Rxd4 24. Qc3 Qf6 25. a4 h5 26. a5 h4 27. h3 f4 28.
Rfd1 Rxd1+ 29. Nxd1 Ra8 30. a6 g5 31. a7 Kg6 32.
Qxf6+ Kxf6 33. Nc3 Ke6 34. Nxe4 f6 35. Ra6+ c6 36.
f3 Kd5 37. Nxf6+ Kxc5 38. Ne4+ Kb5 39. Ra1 c5 40. Nxg5 c4 41. Ne4 Kb4 42. Kf2 Kb3 43.
Rb1+ Kc2 44. Rb7 c3 45. Rc7 Kd1 46. Nxc3+ Kd2 47. Nb5 Re8 48. Rd7+ Kc2 49. Nc7 Re3 50. a8=Q Rb3 51. Qa2+ Rb2 52. Rd2+ Kxd2 53. Qxb2+ Kd1 54. Qb1+ Kd2 55. Qb4+ Kd1 56. Qxf4 Kc2 57. Qxh4 Kd1 58. Qe7 Kd2 59. h4 Kc3 60. h5 Kc4 61. h6 Kd3 62. Ne6 Kc2 63. Nd4+ Kd1 64. Qe2+ Kc1 65. Qc2# 1-0